 Dungeon Crawl Stone Soup version 0.20.0-10-g0535bb4 (webtiles) character file.

40 blackwizard the Caller (level 3, -1/31 HPs)
             Began as a Troll Summoner on June 7, 2017.
             Was an Initiate of Vehumet.
             Slain by an orc (4 damage)
             ... on level 3 of the Dungeon.
             The game lasted 00:07:52 (1547 turns).

blackwizard the Caller (Troll Summoner)             Turns: 1547, Time: 00:07:53

Health: -1/31      AC:  5    Str: 17    XL:     3   Next: 30%
Magic:  2/4        EV: 10    Int: 11    God:    Vehumet [......]
Gold:   99         SH:  0    Dex: 10    Spells: 3/4 levels left

rFire    . . .     SeeInvis .   g - +0 spear
rCold    . . .     Gourm    +   (no shield)
rNeg     . . .     Faith    .   a - +0 robe
rPois    .         Spirit   .   (helmet restricted)
rElec    .         Reflect  .   (no cloak)
rCorr    .         Harm     .   (gloves unavailable)
MR       .....                  (boots unavailable)
Stlth    +.........             (no amulet)
Regen    0.5/turn               (no ring)
MPRegen  0.1/turn               (no ring)

@: lethally poisoned (-1 -> -1)
A: unfitting armour, claws 3, fast metabolism 3, gourmand, regeneration 1,
shaggy fur 1, tough skin 2
a: Renounce Religion


You were on level 3 of the Dungeon.
You worshipped Vehumet.
Vehumet was noncommittal.
You were not hungry.

You visited 1 branch of the dungeon, and saw 3 of its levels.

You collected 99 gold pieces.

Inventory:

Hand Weapons
 g - a +0 spear (weapon)
 h - a +0 whip
 k - a cursed -1 dagger
 n - a +0 mace
 v - a +0 spear
Missiles
 d - 124 stones (quivered)
 i - 55 bolts
 o - 12 poisoned needles
 r - 18 arrows
 t - 19 sling bullets
Armour
 a - a +0 robe (worn)
Scrolls
 e - a scroll of enchant armour {unknown}
 l - 6 scrolls of identify {unknown}
 m - a scroll of remove curse {unknown}
 q - a scroll of teleportation {unknown}
 u - a scroll of magic mapping {unknown}
Potions
 f - 4 potions of agility {unknown}
 s - a potion of curing {unknown}
Books
 b - a book of Callings

   Spells                             Type                      Level
   a - Summon Small Mammal            Summoning                    1
   b - Call Imp                       Summoning                    2
   c - Call Canine Familiar           Summoning                    3
   d - Summon Guardian Golem          Hexes/Summoning              3
   e - Summon Lightning Spire         Summoning/Air                4
   f - Summon Ice Beast               Ice/Summoning                4
 p - a book of Cantrips

   Spells                             Type                      Level
   a - Confusing Touch                Hexes                        1
   b - Animate Skeleton               Necromancy                   1
   c - Summon Small Mammal            Summoning                    1
   d - Apportation                    Translocation                1
Comestibles
 j - a meat ration


   Skills:
 + Level 0.1 Fighting
 + Level 1.8 Dodging
 + Level 1.0 Stealth
 + Level 1.4 Spellcasting
 + Level 3.5 Summonings


You had 3 spell levels left.
You knew the following spells:

 Your Spells              Type           Power        Failure   Level  Hunger
a - Summon Small Mammal   Summ           #...         7%          1    ##.....


Dungeon Overview and Level Annotations

Branches:
Dungeon (3/15)

Altars:
Elyvilon
Vehumet
Xom


Innate Abilities, Weirdness & Mutations

You are too large for most types of armour.
You have claws for hands.
Your metabolism is lightning-fast.
You like to eat raw meat.
Your natural rate of healing is unusually fast.
You are covered in fur. (AC +1)
You have very tough skin. (AC +2)


Message History

You feel sick.
Your bat closely misses the orc.
Your bat closely misses the kobold.
The orc barely misses you.
The goblin unwields an uncursed hunting sling.
The goblin wields an uncursed dagger.
The goblin barely misses your bat.
Your bat misses the orc.
Found a stone staircase leading down.
Your bat hits the orc.
Your bat barely misses the kobold.
The orc hits your bat.
Your bat dies!
Your bat's corpse disappears in a puff of smoke!
The adder bites you.
* * * LOW HITPOINT WARNING * * *
The kobold hits you but does no damage.
The goblin hits your bat with an uncursed dagger.
Your bat hits the kobold but does no damage.
Your bat hits the orc.
You feel sick.
Your bat misses the kobold. The adder bites you.
* * * LOW HITPOINT WARNING * * *
Your bat barely misses the kobold.
The orc hits you.
You die...

####.# .....##
####....... #..
....... #.#
......>
#@##....#
#SoK..# ##gg..#
#.b..# #....#
#....# #
##....####.###.
#......#.[..g..
#)###..(###


You could see an adder, an orc, a hobgoblin, a goblin, a kobold and a friendly
bat.

Vanquished Creatures
  An adder (D:2)
  An ooze (D:3)
  A worm (D:2)
  A leopard gecko (D:1)
  3 goblins (D:1)
  5 hobgoblins
  3 kobolds
  3 bats
  2 frilled lizards
  3 rats (D:1)
23 creatures vanquished.

Vanquished Creatures (collateral kills)
  A goblin (D:2)
  2 hobgoblins (D:1)
  A kobold (D:1)
  A quokka (D:2)
  A rat (D:1)
6 creatures vanquished.

Vanquished Creatures (others)
  A kobold (D:1)
  A rat (D:3)
2 creatures vanquished.

Grand Total: 31 creatures vanquished

Notes
Turn   | Place    | Note
-------+----------+-------------------------------------------
     0 | D:1      | blackwizard the Troll Summoner began the quest for the Orb.
     0 | D:1      | Reached XP level 1. HP: 16/16 MP: 1/1
    65 | D:1      | Reached skill level 3 in Summonings
   282 | D:1      | Reached XP level 2. HP: 24/24 MP: 0/2
   751 | D:2      | Found a radiant altar of Vehumet.
   796 | D:2      | Became a worshipper of Vehumet
  1338 | D:2      | Reached XP level 3. HP: 21/31 MP: 1/4
  1486 | D:3      | Found a shimmering altar of Xom.
  1487 | D:3      | Found a shimmering altar of Xom.
  1490 | D:3      | Found a shimmering altar of Xom.
  1502 | D:3      | Found a white marble altar of Elyvilon.
  1547 | D:3      | Slain by an orc

Skill      XL: |  1 |
---------------+----+-----
Summonings     | 3 |  3.5
Fighting       | |  0.1
Dodging        | |  1.8
Stealth        | |  1.0
Spellcasting   | |  1.4

Action                   || total
-------------------------++-------
Melee: Whip              ||    90
       Unarmed           ||     2
       Spear             ||    32
 Cast: Summon Small Mamm ||    38
 Stab: Sleeping          ||     1
  Eat: Chunk             ||     6
       Bread ration      ||     2
Armor: Robe              ||    54
Dodge: Dodged            ||    98
